 Dungeon Crawl Stone Soup version 0.21.0 (webtiles) character file.

41 tidbits the Sneak (level 3, -4/14 HPs)
             Began as a Felid Earth Elementalist on Jan 6, 2018.
             Slain by an orc
             ... wielding a +0 falchion
              (6 damage)
             ... on level 4 of the Dungeon.
             The game lasted 00:03:37 (480 turns).

tidbits the Sneak (Felid Earth Elementalist)         Turns: 480, Time: 00:03:38

Health: -4/14      AC:  1    Str:  5    XL:     3   Next: 32%
Magic:  1/7        EV: 18    Int: 16    God:
Gold:   34         SH:  0    Dex: 16    Spells: 3/6 levels left
                                        Lives:  0   Deaths: 0

rFire    . . .     SeeInvis +     - Unarmed
rCold    . . .     Gourm    .   (shield unavailable)
rNeg     . . .     Faith    .   (armour unavailable)
rPois    .         Spirit   .   (helmet unavailable)
rElec    .         Reflect  .   (cloak unavailable)
rCorr    .         Harm     .   (gloves unavailable)
MR       .....                  (boots unavailable)
Stlth    ++++......             (no amulet)
HPRegen  0.04/turn              g - ring of stealth
MPRegen  0.10/turn              (no ring)

@: very slightly contaminated, quick
A: very small, no armour, no weapons or thrown items, stealth, claws 1, fangs 3,
see invisible, carnivore, speed 1, shaggy fur 1, slow metabolism 1, sharp paws
a: no special abilities


You were on level 4 of the Dungeon.
You were very full.

You visited 1 branch of the dungeon, and saw 4 of its levels.

You collected 34 gold pieces.

Inventory:

Missiles
 b - 43 stones
Jewellery
 g - a ring of stealth (left paw)
   (You found it on level 4 of the Dungeon)
Scrolls
 a - 3 scrolls of identify {unknown}
 h - a scroll of noise {unknown}
Potions
 e - a potion of flight {unknown}
 f - a potion of haste {unknown}
Books
 d - a book of Geomancy

   Spells                             Type                      Level
   a - Sandblast                      Earth                        1
   b - Passwall                       Transmutation/Earth          2
   c - Stone Arrow                    Conjuration/Earth            3
   d - Petrify                        Transmutation/Earth          4
   e - Lee's Rapid Deconstruction     Earth                        5
Comestibles
 c - 3 rations


   Skills:
 - Level 2.6 Dodging
 + Level 4.3 Stealth
 + Level 2.0 Unarmed Combat
 - Level 2.0 Spellcasting
 - Level 1.1 Transmutations
 - Level 2.6 Earth Magic


You had 3 spell levels left.
You knew the following spells:

 Your Spells              Type           Power        Failure   Level  Hunger
a - Sandblast             Erth           ##....       7%          1    #......
p - Passwall              Tmut/Erth      #.........   14%         2    ###....


Dungeon Overview and Level Annotations

Branches:
Dungeon (4/15)
 Temple: D:4-7

Altars:


Innate Abilities, Weirdness & Mutations

You cannot wear armour.
You are incapable of wielding weapons or throwing items.
Your paws allow you to move quietly. (Stealth)
You have sharp claws.
You have razor-sharp teeth.
You have supernaturally acute eyesight. (SInv)
You are carnivorous and can eat meat at any time.
You cover ground quickly.
You are covered in fur. (AC +1)
You have a slow metabolism.
Your sharp claws are effective at attacking unaware monsters.


Message History

You kill the goblin!
b - 49 stones You see here a goblin corpse.
Found a stone staircase leading down.
There is a stone staircase leading down here.
You climb downwards.
Found a gilded ring, a scroll labeled TAUMOX ELUIGH and a spear.
There is a stone staircase leading up here.
g - a gilded ring Put on which piece of jewellery? (? for menu, Esc to quit)
g - a ring of stealth (left paw)
There is a stone staircase leading up here.
h - a scroll labeled TAUMOX ELUIGH Your magical contamination has completely faded away.
Found 7 gold pieces.
Found a scroll labeled TENUSE ANIRY.
An orc comes into view. It is wielding a whip.
Found a scroll labeled ARCHEY RAAWOLL.
Found an escape hatch in the ceiling.
An orc comes into view. It is wielding a falchion.
Found a long sword.
Found an escape hatch in the floor.
An orc comes into view. It is wielding a short sword.
You see here 7 gold pieces.
The orc shouts! x2; You hear a shout!
a - 3 scrolls labeled TENUSE ANIRY (gained 1)
Found a scroll labeled NUCSIX DEKID.
There are monsters nearby!
Found a stone staircase leading down.
Casting: Sandblast
Confirm with . or Enter, or press ? or * to list all spells.
Aiming: Sandblast
Press: ? - help, Shift-Dir - straight line, f - orc
Aim: an orc, wielding a whip The blast of sand hits the orc.
You kill the orc!
Your Unarmed Combat skill increases to level 2!
b - 48 stones
Casting: Sandblast
Confirm with . or Enter, or press ? or * to list all spells.
Aiming: Sandblast
Press: ? - help, Shift-Dir - straight line, f - orc
Aim: an orc, wielding a short sword and wearing a scale mail You miscast Sandblast.
You are very lightly contaminated with residual magic.
You are showered with tiny particles of grit.
Casting: Sandblast
Confirm with . or Enter, or press ? or * to list all spells.
Aiming: Sandblast
Press: ? - help, Shift-Dir - straight line, f/p - orc
Aim: an orc, wielding a short sword and wearing a scale mail The blast of sand hits the orc.
b - 47 stones The orc barely misses you.
Casting: Sandblast
Confirm with . or Enter, or press ? or * to list all spells.
Aiming: Sandblast
Press: ? - help, Shift-Dir - straight line, f/p - orc
Aim: an orc, wielding a short sword and wearing a scale mail The blast of sand hits the orc.
The orc is almost dead.
b - 46 stones The orc misses you.
Casting: Sandblast
Confirm with . or Enter, or press ? or * to list all spells.
Aiming: Sandblast
Press: ? - help, Shift-Dir - straight line, f/p - orc
Aim: an orc, wielding a short sword and wearing a scale mail (almost dead)
The blast of sand hits the orc.
The orc is almost dead.
b - 45 stones The orc barely misses you.
Unknown command.
Unknown command.
Unknown command.
Unknown command.
Unknown command.
Unknown command.
Unknown command.
Unknown command.
Unknown command.
Casting: Sandblast
Confirm with . or Enter, or press ? or * to list all spells.
Aiming: Sandblast
Press: ? - help, Shift-Dir - straight line, f/p - orc
Aim: an orc, wielding a short sword and wearing a scale mail (almost dead)
The blast of sand hits the orc.
The orc is almost dead.
b - 44 stones The orc hits you with a short sword.
The orc hits you with a falchion!
Ouch! That really hurt!
* * * LOW HITPOINT WARNING * * *
Casting: Sandblast
Confirm with . or Enter, or press ? or * to list all spells.
Aiming: Sandblast
Press: ? - help, Shift-Dir - straight line, f/p - orc
Aim: an orc, wielding a short sword and wearing a scale mail (almost dead)
The blast of sand hits the orc.
You kill the orc!
b - 43 stones The orc hits you with a falchion.
You die...

...>.... ..#..#.
..#... #.#..# #....#
#....# #....# #o#..#
#@#..# #### #)#..##
.).#
#######.#...#####..#
........).......<..#
......###....###...#
.............###...#
......###..........#
......###.oo.####..#
.........$...## #..#


You could see an orc.

Vanquished Creatures
  2 adders (D:2)
  2 orcs (D:4)
  A bat (D:1)
  5 goblins
  3 hobgoblins (D:2)
  2 jackals (D:1)
  3 frilled lizards
  2 kobolds
20 creatures vanquished.

Notes
Turn   | Place    | Note
-------+----------+-------------------------------------------
     0 | D:1      | tidbits the Felid Earth Elementalist began the quest for the Orb.
     0 | D:1      | Reached XP level 1. HP: 7/7 MP: 4/4
    34 | D:1      | Reached skill level 3 in Stealth
    83 | D:1      | Reached skill level 1 in Unarmed Combat
    94 | D:1      | Reached XP level 2. HP: 2/11 MP: 0/6
    98 | D:1      | Learned a level 2 spell: Passwall
   347 | D:2      | Reached skill level 4 in Stealth
   347 | D:2      | Reached XP level 3. HP: 6/14 MP: 3/7
   470 | D:4      | Reached skill level 2 in Unarmed Combat
   480 | D:4      | Slain by an orc

Skill      XL: |  1  2  3 |
---------------+----------+-----
Stealth        | 3 4 |  4.3
Unarmed Combat | 1 2 |  2.0
Dodging        | |  2.6
Spellcasting   | |  2.0
Transmutations | |  1.1
Earth Magic    | |  2.6

Action                   || total
-------------------------++-------
Melee: Unarmed           ||     4
 Cast: Sandblast         ||    29
  Use: Scroll            ||     1
  Eat: Chunk             ||     6
Armor: Skin              ||     1
Dodge: Dodged            ||    17

Table legend:
 A = Turns spent in this place as a percentage of turns spent in the entire game.
 B = Non-inter-level travel turns spent in this place as a percentage of non-inter-level travel turns spent in the entire game.
 C = Inter-level travel turns spent in this place as a percentage of turns spent in this place.
 D = Turns resting spent in this place as a percentage of non-inter-level travel turns spent in this place.
 E = Turns spent auto-exploring this place as a percentage of non-inter-level travel turns spent in this place.
 F = Non-inter-level travel turns spent in this place divided by the number of levels of this place that you've seen.
                   A       B       C       D       E      F
               +-------+-------+-------+-------+-------+----------------------
         Total | 100.0 | 100.0 |   5.0 |   0.0 |   0.0 | 114.0
       Dungeon | 100.0 | 100.0 |   5.0 |   0.0 |   0.0 | 114.0
               +-------+-------+-------+-------+-------+----------------------

Table legend:
 A = Kills in this place as a percentage of kills in entire the game.
 B = Kills by you in this place as a percentage of kills by you in the entire game.
 C = Kills by friends in this place as a percentage of kills by friends in the entire game.
 D = Other kills in this place as a percentage of other kills in the entire game.
 E = Experience gained in this place as a percentage of experience gained in the entire game.
 F = Experience gained in this place divided by the number of levels of this place that you have seen.
                   A       B       C       D       E      F
               +-------+-------+-------+-------+-------+----------------------
         Total | 100.0 | 100.0 |   N/A |   N/A | 100.0 |  14.8
       Dungeon | 100.0 | 100.0 |   N/A |   N/A | 100.0 |  14.8
               +-------+-------+-------+-------+-------+----------------------

Vault maps used:
D:1:      tarquinn_simple_flora_water_e, minmay_gold_behind_fungi
D:2:      first_ration, kennysheep_generic_room_4
D:4:      corexii_shack_village, serial_shops, shop
